Construct Section Command Post
Selects Heavy Armor Battlegroup
Selects Heavy Armor Battlegroup
Selects Rigorous Vehicle Training
Selects Engineer Detachments
Construct Platoon Command Post
Construct Platoon Command Post
Construct Field Infirmary
Selects Crusader AA Medium Tank
6-pounder Anti-tank Gun Team
Selects Churchill Black Prince Heavy Tank
Churchill Black Prince Heavy Tank
Selects Light Vehicle Withdraw and Refit
Selects Forward Repair Assembly